PBL
LOS ANGELES DODGERS @ ST. LOUIS CARDINALS
06/12/2071
 
TOP OF THE 1ST
Los Angeles Dodgers batting - Pitching for St. Louis Cardinals : RHP Millard Valdéz
Pitching: RHP Millard Valdéz
Batting: LHB Marcos Miró 0-0: Called Strike
0-1: Ground out 4-3 (Groundball, 4, EV 86.3 MPH)
Batting: RHB Bill McBryde 0-0: Ball
1-0: Foul Ball, location: 9LSF
1-1: Ball
2-1: Foul Ball, location: 9LSF
2-2: Ball
3-2: Reached on error, E3 (Groundball, 34, EV 91.3 MPH)
Batting: LHB Bradley Richards 0-0: Called Strike
0-1: Swinging Strike
0-2: Foul Ball, location: 2F
0-2: Strikes out swinging
Batting: LHB Bill McMillan 0-0: Ground out 4-3 (Groundball, 34D, EV 107.5 MPH)
Top of the 1st over - 0 runs, 0 hits, 1 error, 1 left on base; Los Angeles 0 - St. Louis 0
BOTTOM OF THE 1ST
St. Louis Cardinals batting - Pitching for Los Angeles Dodgers : RHP Alejandro Franco
Pitching: RHP Alejandro Franco
Batting: LHB Jack O'Keefe 0-0: Ground out 6-3 (Groundball, 56, EV 103.8 MPH)
Batting: RHB Leland Vogler 0-0: Ball
1-0: Ball
2-0: Called Strike
2-1: Fly out, F5 (Line Drive, 5L, EV 66.3 MPH)
Batting: SHB Emiliano Girometta 0-0: Called Strike
0-1: Ball
1-1: Ball
2-1: Ball
3-1: Base on Balls
Batting: LHB Jeremy Dalton 0-0: Swinging Strike
0-1: Fly out, F8 (Flyball, 8RM, EV 93.8 MPH)
Bottom of the 1st over - 0 runs, 0 hits, 0 errors, 1 left on base; Los Angeles 0 - St. Louis 0
TOP OF THE 2ND
Los Angeles Dodgers batting - Pitching for St. Louis Cardinals : RHP Millard Valdéz
Batting: LHB Phil Hubbard 0-0: Swinging Strike
0-1: Fly out, F6 (Popup, 6D, EV 62.5 MPH)
Batting: RHB Emílio Méndez 0-0: Swinging Strike
0-1: Foul Ball, location: 2F
0-2: Foul Ball, location: 23F
0-2: Strikes out looking
Batting: RHB Christian Gibbons 0-0: Ball
1-0: Foul Ball, location: 2F
1-1: Ball
2-1: Foul Ball, location: 2F
2-2: Foul Ball, location: 7LSF
2-2: Foul Ball, location: 5FF
2-2: Ground out 6-3 (Groundball, 6, EV 90.0 MPH)
Top of the 2nd over - 0 runs, 0 hits, 0 errors, 0 left on base; Los Angeles 0 - St. Louis 0
BOTTOM OF THE 2ND
St. Louis Cardinals batting - Pitching for Los Angeles Dodgers : RHP Alejandro Franco
Batting: LHB Víctor Becerra 0-0: Ball
1-0: Swinging Strike
1-1: Fly out, F9 (Flyball, 9LS, EV 85.6 MPH)
Batting: RHB Ric Hodges 0-0: Swinging Strike
0-1: Ball
1-1: Foul Ball, location: 2F
1-2: Fly out, F9 (Flyball, 9S, EV 77.5 MPH)
Batting: LHB Steve Rivera 0-0: Ball
1-0: Called Strike
1-1: Called Strike
1-2: Ball
2-2: Ground out 4-3 (Groundball, 4, EV 106.9 MPH)
Bottom of the 2nd over - 0 runs, 0 hits, 0 errors, 0 left on base; Los Angeles 0 - St. Louis 0
TOP OF THE 3RD
Los Angeles Dodgers batting - Pitching for St. Louis Cardinals : RHP Millard Valdéz
Batting: RHB John Cobb 0-0: Ground out 4-3 (Groundball, 4, EV 78.1 MPH)
Batting: RHB Terry Matos 0-0: Swinging Strike
0-1: Foul Ball, location: 3DF
0-2: Ball
1-2: Strikes out looking
Batting: LHB Marcos Miró 0-0: Fly out, F5 (Popup, 25F, EV 84.4 MPH)
Top of the 3rd over - 0 runs, 0 hits, 0 errors, 0 left on base; Los Angeles 0 - St. Louis 0
BOTTOM OF THE 3RD
St. Louis Cardinals batting - Pitching for Los Angeles Dodgers : RHP Alejandro Franco
Batting: LHB Mike Vega 0-0: Called Strike
0-1: Swinging Strike
0-2: Foul Ball, location: 3F
0-2: SOLO HOME RUN (Flyball, 9D, EV 98.8 MPH), Distance : 372 ft
Batting: RHB Armando Gómez 0-0: Ball
1-0: Ground out 5-3 (Groundball, 56, EV 92.5 MPH)
Batting: LHB Jack O'Keefe 0-0: SINGLE (Line Drive, 4MD, EV 95.6 MPH)
Batting: RHB Leland Vogler 0-0: Ball
1-0: Ball
2-0: Called Strike
2-1: Foul Ball, location: 5F
2-2: Grounds into double play, 6-4-3 (Groundball, 6S, EV 86.3 MPH)
Bottom of the 3rd over - 1 run, 2 hits, 0 errors, 0 left on base; Los Angeles 0 - St. Louis 1
TOP OF THE 4TH
Los Angeles Dodgers batting - Pitching for St. Louis Cardinals : RHP Millard Valdéz
Batting: RHB Bill McBryde 0-0: Ball
1-0: Ball
2-0: Foul Ball, location: 3SF
2-1: Foul Ball, location: 9LSF
2-2: Foul Ball, location: 2F
2-2: Ground out 5-3 (Groundball, 56S, EV 65.6 MPH)
Batting: LHB Bradley Richards 0-0: Called Strike
0-1: SINGLE (Groundball, 4MD, EV 96.3 MPH)
Batting: LHB Bill McMillan 0-0: Called Strike
0-1: Ball
1-1: Called Strike
1-2: Foul Ball, location: 3F
1-2: Ball
2-2: Foul Ball, location: 7LSF
2-2: Ball
3-2: Foul Ball, location: 2F
3-2: Base on Balls
Bradley Richards to second
Batting: LHB Phil Hubbard 0-0: Ball
1-0: Ball
2-0: Ball
3-0: Base on Balls
Bradley Richards to third
Bill McMillan to second
Batting: RHB Emílio Méndez 0-0: Called Strike
0-1: Swinging Strike
0-2: Ground out 5-3 (Groundball, 56S, EV 75.0 MPH)
Bradley Richards scores
Bill McMillan to third
Phil Hubbard to second
Batting: RHB Christian Gibbons 0-0: Ball
1-0: Ball
2-0: Called Strike
2-1: Ball
3-1: Ground out 5-3 (Groundball, 56S, EV 94.4 MPH)
Top of the 4th over - 1 run, 1 hit, 0 errors, 2 left on base; Los Angeles 1 - St. Louis 1
BOTTOM OF THE 4TH
St. Louis Cardinals batting - Pitching for Los Angeles Dodgers : RHP Alejandro Franco
Batting: SHB Emiliano Girometta 0-0: Ball
1-0: Swinging Strike
1-1: Fly out, F8 (Flyball, 8RD, EV 93.1 MPH)
Batting: LHB Jeremy Dalton 0-0: Ground out 5-3 (Groundball, 6, EV 86.9 MPH)
Batting: LHB Víctor Becerra 0-0: Called Strike
0-1: Fly out, F8 (Flyball, 89D, EV 96.3 MPH)
Bottom of the 4th over - 0 runs, 0 hits, 0 errors, 0 left on base; Los Angeles 1 - St. Louis 1
TOP OF THE 5TH
Los Angeles Dodgers batting - Pitching for St. Louis Cardinals : RHP Millard Valdéz
Batting: RHB John Cobb 0-0: Called Strike
0-1: Ball
1-1: Ball
2-1: Ball
3-1: Reached on error, E6 (Groundball, 6, EV 87.5 MPH)
Batting: RHB Terry Matos 0-0: Ball
1-0: Bunted foul
1-1: Sac Bunt to 15S - play at second, runner OUT! 1-6
Batting: LHB Marcos Miró 0-0: Swinging Strike
0-1: Fly out, F9 (Line Drive, 9LM, EV 91.3 MPH)
Batting: RHB Bill McBryde 0-0: Foul Ball, location: 2F
0-1: Called Strike
0-2: Ball
1-2: Foul Ball, location: 23F
1-2: Ball
2-2: Fly out, F6 (Popup, 6MD, EV 70.6 MPH)
Top of the 5th over - 0 runs, 0 hits, 1 error, 1 left on base; Los Angeles 1 - St. Louis 1
BOTTOM OF THE 5TH
St. Louis Cardinals batting - Pitching for Los Angeles Dodgers : RHP Alejandro Franco
Batting: RHB Ric Hodges 0-0: Fly out, F3 (Popup, 23F, EV 86.3 MPH)
Batting: LHB Steve Rivera 0-0: Called Strike
0-1: Ball
1-1: Swinging Strike
1-2: Strikes out swinging
Batting: LHB Mike Vega 0-0: Ball
1-0: Ground out 4-3 (Groundball, 4, EV 101.9 MPH)
Bottom of the 5th over - 0 runs, 0 hits, 0 errors, 0 left on base; Los Angeles 1 - St. Louis 1
TOP OF THE 6TH
Los Angeles Dodgers batting - Pitching for St. Louis Cardinals : RHP Millard Valdéz
Batting: LHB Bradley Richards 0-0: Ball
1-0: Foul Ball, location: 2F
1-1: Called Strike
1-2: Ball
2-2: Foul Ball, location: 2F
2-2: Strikes out swinging
Batting: LHB Bill McMillan 0-0: Ball
1-0: Ball
2-0: Fly out, F8 (Line Drive, 8RD, EV 91.9 MPH)
Batting: LHB Phil Hubbard 0-0: Ball
1-0: Called Strike
1-1: Called Strike
1-2: Strikes out swinging
Top of the 6th over - 0 runs, 0 hits, 0 errors, 0 left on base; Los Angeles 1 - St. Louis 1
BOTTOM OF THE 6TH
St. Louis Cardinals batting - Pitching for Los Angeles Dodgers : RHP Alejandro Franco
Batting: RHB Armando Gómez 0-0: Called Strike
0-1: Ball
1-1: Fly out, F8 (Flyball, 78M, EV 88.8 MPH)
Batting: LHB Jack O'Keefe 0-0: Called Strike
0-1: Called Strike
0-2: Strikes out looking
Batting: RHB Leland Vogler 0-0: Fly out, F9 (Flyball, 9S, EV 91.9 MPH)
Bottom of the 6th over - 0 runs, 0 hits, 0 errors, 0 left on base; Los Angeles 1 - St. Louis 1
TOP OF THE 7TH
Los Angeles Dodgers batting - Pitching for St. Louis Cardinals : RHP Millard Valdéz
Batting: RHB Emílio Méndez 0-0: Foul Ball, location: 9LSF
0-1: Ball
1-1: Ball
2-1: Foul Ball, location: 2F
2-2: Fly out, F9 (Flyball, 9D, EV 110.0 MPH)
Pitching: LHP Juan Aguilar
Batting: RHB Christian Gibbons 0-0: Foul Ball, location: 2F
0-1: Ball
1-1: Foul Ball, location: 2RF
1-2: Foul Ball, location: 9LMF
1-2: Foul Ball, location: 2F
1-2: Fly out, F9 (Line Drive, 9LS, EV 91.3 MPH)
Batting: RHB John Cobb 0-0: Swinging Strike
0-1: Ball
1-1: Called Strike
1-2: Ball
2-2: Foul Ball, location: 25F
2-2: Fly out, F7 (Flyball, 78M, EV 86.9 MPH)
Top of the 7th over - 0 runs, 0 hits, 0 errors, 0 left on base; Los Angeles 1 - St. Louis 1
BOTTOM OF THE 7TH
St. Louis Cardinals batting - Pitching for Los Angeles Dodgers : RHP Alejandro Franco
Pitching: RHP Lorenzo Crespo
Batting: SHB Emiliano Girometta 0-0: Ball
1-0: Called Strike
1-1: Fly out, F8 (Flyball, 8RM, EV 75.0 MPH)
Batting: LHB Jeremy Dalton 0-0: Called Strike
0-1: Ball
1-1: Ground out 5-3 (Groundball, 6, EV 104.4 MPH)
Batting: LHB Víctor Becerra 0-0: Ball
1-0: TRIPLE (Flyball, 89XD, EV 86.3 MPH)
Batting: RHB Ric Hodges 0-0: Swinging Strike
0-1: Ball
1-1: Ball
2-1: Ball
3-1: Swinging Strike
3-2: Base on Balls
Batting: LHB Steve Rivera 0-0: Ball
1-0: Ground out 4-3 (Groundball, 4, EV 103.1 MPH)
Bottom of the 7th over - 0 runs, 1 hit, 0 errors, 2 left on base; Los Angeles 1 - St. Louis 1
TOP OF THE 8TH
Los Angeles Dodgers batting - Pitching for St. Louis Cardinals : LHP Juan Aguilar
Batting: RHB Terry Matos 0-0: Called Strike
0-1: Ball
1-1: Called Strike
1-2: Ball
2-2: Ball
3-2: Foul Ball, location: 2F
3-2: DOUBLE (Line Drive, 7LD, EV 104.4 MPH)
Pinch Hitting: RHB Andrés Ortíz 0-0: Foul Ball, location: 9LDF
0-1: Foul Ball, location: 9LSF
0-2: Foul Ball, location: 23F
0-2: DOUBLE (Flyball, 8LXD, EV 102.5 MPH)
Terry Matos scores
Pitching: RHP Carlos Miranda
Batting: RHB Bill McBryde 0-0: Ball
1-0: Foul Ball, location: 2F
1-1: Foul Ball, location: 2F
1-2: Foul Ball, location: 3SF
1-2: Foul Ball, location: 2LF
1-2: Fly out, F8 (Flyball, 8RD, EV 108.8 MPH)
Pitching: LHP Tom Pryor
Pinch Hitting: RHB Jhonn Williams 0-0: Called Strike
0-1: Fly out, F8 (Flyball, 8RD, EV 104.4 MPH)
Batting: LHB Bill McMillan 0-0: Foul Ball, location: 3FF
0-1: SINGLE (Groundball, 4MD, EV 95.0 MPH)
Andrés Ortíz to third
Runner from 3rd tries for Home, SAFE, throw by CF to home
Batting: LHB Phil Hubbard 0-0: Foul Ball, location: 5F
0-1: Foul Ball, location: 2F
0-2: Fly out, F9 (Flyball, 9D, EV 106.9 MPH)
Top of the 8th over - 2 runs, 3 hits, 0 errors, 1 left on base; Los Angeles 3 - St. Louis 1
BOTTOM OF THE 8TH
St. Louis Cardinals batting - Pitching for Los Angeles Dodgers : RHP Lorenzo Crespo
Now in LF: Andrés Ortíz
Now in CF: Enrique Pérez
Batting: LHB Mike Vega 0-0: SOLO HOME RUN (Flyball, 9D, EV 96.3 MPH), Distance : 384 ft
Batting: RHB Armando Gómez 0-0: Ball
1-0: Foul Ball, location: 23F
1-1: Swinging Strike
1-2: Ball
2-2: Ground out 4-3 (Groundball, 34, EV 79.4 MPH)
Pitching: LHP Tim Hayes
Pinch Hitting: RHB Zg Odhiambo 0-0: Ball
1-0: Ball
2-0: SINGLE (Line Drive, 34D, EV 96.9 MPH)
Pitching: RHP Jorge Rodríguez
Batting: RHB Leland Vogler 0-0: Called Strike
0-1: Ball
1-1: Foul Ball, location: 5F
1-2: Strikes out swinging
Batting: SHB Emiliano Girometta 0-0: Fielders Choice at 2nd, 6-4 (Groundball, 56, EV 83.8 MPH)
Bottom of the 8th over - 1 run, 2 hits, 0 errors, 1 left on base; Los Angeles 3 - St. Louis 2
TOP OF THE 9TH
Los Angeles Dodgers batting - Pitching for St. Louis Cardinals : LHP Tom Pryor
Pitching: RHP Eitoku Kishita
Now in LF: Zg Odhiambo
Batting: RHB Emílio Méndez 0-0: Ball
1-0: Foul Ball, location: 2F
1-1: Ball
2-1: Foul Ball, location: 5F
2-2: Foul Ball, location: 5DF
2-2: Foul Ball, location: 3SF
2-2: Ground out 5-3 (Groundball, 56S, EV 81.3 MPH)
Batting: RHB Christian Gibbons 0-0: Called Strike
0-1: Swinging Strike
0-2: SINGLE (Line Drive, 3D, EV 98.1 MPH)
Batting: RHB John Cobb 0-0: Grounds into double play, 4-6-3 (Groundball, 4, EV 84.4 MPH)
Top of the 9th over - 0 runs, 1 hit, 0 errors, 0 left on base; Los Angeles 3 - St. Louis 2
BOTTOM OF THE 9TH
St. Louis Cardinals batting - Pitching for Los Angeles Dodgers : RHP Jorge Rodríguez
Now at 3B: Sam Jackson
Batting: LHB Jeremy Dalton 0-0: Called Strike
0-1: Ground out 6-3 (Groundball, 6MD, EV 103.8 MPH)
Batting: LHB Víctor Becerra 0-0: Called Strike
0-1: Foul Ball, location: 2F
0-2: Ball
1-2: Strikes out swinging
Batting: RHB Ric Hodges 0-0: Foul Ball, location: 9LDF
0-1: Fly out, F8 (Flyball, 8RD, EV 88.1 MPH)
Bottom of the 9th over - 0 runs, 0 hits, 0 errors, 0 left on base; Los Angeles 3 - St. Louis 2
Monday, April 22nd , 2024 - OOTP Baseball 24.10 Build 82